 Dungeon Crawl Stone Soup version 0.18.1-50-g88ac8fd (webtiles) character file.

61 varam the Sneak (level 3, 2/16 HPs)
             Began as a Spriggan Enchanter on Oct 21, 2016.
             Quit the game on level 2 of the Dungeon.
             The game lasted 00:03:24 (1797 turns).

varam the Sneak (Spriggan Enchanter)                Turns: 1797, Time: 00:03:24

Health: 2/16       AC:  3    Str:  4    XL:     3   Next: 83%
Magic:  6/8        EV: 18    Int: 17    God:
Gold:   58         SH:  0    Dex: 16    Spells: 2 memorised, 4 levels left

rFire  . . .     SeeInvis +     a - +1 dagger
rCold  . . .     Gourm    .     b - +1 robe
rNeg   . . .     Faith    .     (shield restricted)
rPois  .         Spirit   .     (helmet restricted)
rElec  .         Dismiss  .     (no cloak)
rCorr  .         Reflect  .     (gloves unavailable)
SustAt .         Harm     .     (boots unavailable)
MR     .....                    (no amulet)
Stlth  ++++......               (no ring)
                                (no ring)

@: very quick, not resistant to hostile enchantments, stealthy
A: unfitting armour, see invisible, herbivore 3, speed 3, slow metabolism 2
a: no special abilities


You were on level 2 of the Dungeon.
You were not hungry.

You visited 1 branch of the dungeon, and saw 3 of its levels.

You collected 58 gold pieces.

Inventory:

Hand Weapons
 a - a +1 dagger (weapon)
Armour
 b - a +1 robe (worn)
 e - a +0 cloak
Scrolls
 h - a scroll of blinking {unknown}
Potions
 g - a potion of curing {unknown}
 i - a potion of flight {unknown}
Books
 c - a book of Maledictions

   Spells                             Type                      Level
   a - Corona                         Hexes                        1
   b - Ensorcelled Hibernation        Hexes/Ice                    2
   c - Confuse                        Hexes                        3
   d - Tukima's Dance                 Hexes                        3
   e - Dazzling Spray                 Conjuration/Hexes            3
Comestibles
 d - a bread ration
 f - a royal jelly


   Skills:
 - Level 1.1 Short Blades
 - Level 3.0 Dodging
 + Level 7.4 Stealth
 - Level 2.6 Spellcasting
 - Level 3.6 Hexes


You had 4 spell levels left.
You knew the following spells:

 Your Spells              Type           Power        Failure   Level  Hunger
a - Ensorcelled Hibernat  Hex/Ice        #.....       17%         2    ##.....
b - Corona                Hex            ##.....      4%          1    #......


Dungeon Overview and Level Annotations

Branches:
Dungeon (3/15)

Altars:
Makhleb

Annotations:
D:1 Ijyb
D:2 Robin
D:3 Thomus's ghost, amateur HOFi


Innate Abilities, Weirdness & Mutations

You are tiny and cannot use many weapons and most armour.
You have supernaturally acute eyesight.
You are a herbivore.
You cover ground extremely quickly.
You need consume almost no food.


Message History

The goblin looks drowsy...
Robin shouts!
Robin roars a battlecry!
The goblins go into a battle-frenzy!
The goblin closely misses you.
You barely miss the goblin. Robin throws the goblin at you!
The goblin misses you. The goblin barely misses you.
You closely miss the goblin. The goblin completely misses you.
The goblin closely misses you.
You barely miss the goblin. The goblin hits you. x2
You hit the goblin.
The goblin is heavily wounded.
The goblin hits you. The goblin misses you.
You barely miss the goblin.
The goblin is heavily wounded.
The goblin hits you.
* * * LOW HITPOINT WARNING * * *
The goblin hits you.
* * * LOW HITPOINT WARNING * * *
Are you sure you want to abandon this character and quit the game? (Confirm with "yes".)

##≈≈≈≈≈. ##≈≈≈≈≈≈.
.##≈≈≈≈≈≈≈÷
#.#≈≈≈≈≈≈≈≈.
#.#≈≈≈≈≈≈≈≈.
###.#≈≈≈≈≈≈≈#.
#...#≈≈≈≈≈≈≈÷≈
#g#######.#.#≈≈≈≈≈≈≈.≈
#gggg@g.....#≈≈≈≈≈≈≈#.
#######.....#≈≈≈≈≈≈≈≈.
####..†..#≈≈≈≈≈≈≈≈.
#........##≈≈≈≈≈≈≈.
#.##......##≈≈≈≈≈≈.
#........####≈≈≈≈≈.
#.######.##.##≈≈≈≈. #
#.##.###≈≈≈.
######.##.# ####'


You could see Robin, a hobgoblin and 4 goblins.

Vanquished Creatures
  2 gnolls (D:3)
  2 adders (D:2)
  A worm (D:2)
  2 giant geckos (D:2)
  A bat zombie (D:1)
  6 goblins
  2 hobgoblins
  A ball python (D:2)
  3 giant newts
  A jackal zombie (D:1)
  A rat (D:2)
22 creatures vanquished.

Notes
Turn   | Place    | Note
--------------------------------------------------------------
     0 | D:1      | varam the Spriggan Enchanter began the quest for the Orb.
     0 | D:1      | Reached XP level 1. HP: 9/9 MP: 5/5
   229 | D:1      | Reached skill level 5 in Stealth
   254 | D:2      | Reached XP level 2. HP: 13/13 MP: 4/6
   278 | D:2      | Noticed Ijyb
   522 | D:1      | Learned a level 2 spell: Ensorcelled Hibernation
  1093 | D:2      | Reached skill level 6 in Stealth
  1095 | D:2      | Found a burning altar of Makhleb.
  1362 | D:3      | Reached XP level 3. HP: 16/16 MP: 4/8
  1402 | D:3      | Reached skill level 7 in Stealth
  1480 | D:3      | Noticed Thomus's ghost (amateur HOFi)
  1787 | D:2      | Noticed Robin
  1797 | D:2      | Quit the game

Skill      XL: |  1  2  3 |
---------------+----------+-----
Stealth        | 5 6 7 |  7.4
Short Blades   | |  1.1
Dodging        | |  3.0
Spellcasting   | |  2.6
Hexes          | |  3.6

Action                   || total
-------------------------++-------
Melee: Dagger            ||    60
 Cast: Corona            ||     4
       Ensorcelled Hiber ||    16
 Stab: Sleeping          ||    17
Armor: Robe              ||     7
Dodge: Dodged            ||    41
